Map: Dusk Towers

Players

Voltz - Winner!

  • Race: Zerg Zerg

Lütters

  • Race: Terran Terran
  • League: Diamond

Event: Gauntlet LotV Series 1 Qualifier 2

VOD

Have the link to the VOD?

Description

Time

  • Played on: Dec. 5, 2015, 2:23 p.m.
  • Length: 11:58

All games in this series

Show
View Real Time Build Order
Export as new Build Order

Voltz Zerg - Winner!

Build Orders: Hatch First, Muta Ling Bane 

Get SALT Encoding   

  12  0:00  Drone  
  13  0:12  Overlord  
  13  0:19  Drone  
  14  0:31  Drone x2  
  14  0:35  Drone  
  17  0:51  Hatchery  
  17  0:55  Drone  
  17  0:57  Drone  
  18  1:09  Extractor  
  17  1:12  Spawning Pool  
  17  1:15  Drone  
  17  1:18  Drone  
  18  1:28  Drone  
  19  1:39  Drone  
  20  1:50  Overlord  
  20  1:59  Queen  
  22  2:03  Queen  
  22  2:04  Zergling x4  
  26  2:08  Metabolic Boost  
  26  2:12  Drone  
  26  2:14  Drone  
  28  2:22  Drone  
  29  2:35  Overlord  
  29  2:37  Spore Crawler, Drone  
  29  2:44  Queen  
  29  2:46  Drone x2  
  29  2:48  Drone  
  35  2:53  Lair  
  35  2:55  Drone  
  35  2:57  Extractor  
  35  3:02  Drone  
  36  3:08  Drone  
  36  3:09  Drone  
  38  3:14  Drone  
  38  3:19  Drone x5  
  44  3:26  Queen, Extractor x2  
  44  3:27  Overlord  
  44  3:40  Overlord  
  44  3:46  Drone x5  
  44  3:48  Drone  
  50  3:50  Overlord  
  50  3:53  Drone  
  51  4:01  Spire  
  50  4:05  Drone  
  50  4:08  Overlord  
  50  4:11  Zergling x2  
  50  4:13  Zergling x2  
  50  4:16  Overlord  
  52  4:20  Zergling x4  
  53  4:25  Drone  
  53  4:26  Drone  
  53  4:27  Overlord  
  55  4:33  Zergling x4  
  55  4:37  Zergling x2  
  55  4:38  Zergling x4  
  60  4:43  Overlord  
  59  5:00  Drone  
  60  5:12  Mutalisk  
  60  5:13  Mutalisk x7  
  76  5:17  Mutalisk  
  76  5:20  Mutalisk  
  80  5:27  Zergling x6  
  83  5:29  Mutalisk  
  83  5:32  Zergling x2  
  86  5:39  Mutalisk  
  88  5:43  Zergling x8  
  92  5:53  Zergling x2  
  92  5:54  Zergling x6  
  83  5:57  Mutalisk  
  83  6:02  Mutalisk  
  82  6:08  Mutalisk  
  74  6:13  Zergling x6  
  76  6:19  Mutalisk  
  76  6:21  Zergling x8  
  76  6:23  Hatchery  
  81  6:26  Zerg Flyer Weapons Level 1  
  81  6:29  Zergling x2  
  81  6:33  Mutalisk  
  81  6:38  Zergling x2  
  84  6:43  Drone  
  84  6:46  Evolution Chamber  
  82  6:49  Evolution Chamber  
  82  6:50  Drone  
  82  6:52  Baneling Nest  
  81  6:54  Drone x2  
  81  6:59  Drone x2  
  85  7:07  Drone x4  
  90  7:15  Drone  
  90  7:16  Drone  
  90  7:20  Drone  
  90  7:21  Zerg Ground Armor Level 1  
  90  7:22  Zerg Melee Weapons Level 1  
  92  7:24  Infestation Pit  
  92  7:26  Overlord  
  92  7:27  Overlord  
  92  7:28  Overlord  
  91  7:34  Mutalisk  
  89  7:40  Zergling x4  
  89  7:43  Zergling x4  
  89  7:51  Queen  
  91  7:54  Zergling x8  
  91  7:55  Centrifical Hooks, Zergling x6  
  98  8:02  Hive, Drone  
  98  8:03  Drone x2  
  98  8:05  Extractor  
  100  8:07  Drone  
  100  8:09  Extractor  
  100  8:16  Mutalisk x2  
  104  8:25  Zergling x10  
  109  8:31  Drone x5  
  114  8:37  Overlord  
  114  8:38  Hatchery  
  113  8:41  Zergling x2  
  113  8:42  Zergling x2  
  113  8:44  Overseer  
  115  8:50  Zergling x4  
  115  8:54  Overlord  
  117  9:03  Drone  
  117  9:04  Drone x9  
  117  9:05  Drone  
  117  9:06  Baneling x4  
  117  9:07  Baneling  
  128  9:15  Adrenal Glands  
  128  9:16  Ultralisk Cavern  
  127  9:17  Extractor  
  126  9:25  Zerg Ground Armor Level 2  
  126  9:26  Zerg Melee Weapons Level 2  
  126  9:32  Drone x2  
  126  9:33  Drone  
  126  9:34  Drone x2  
  130  9:39  Drone x3  
  130  9:40  Extractor  
  132  9:49  Baneling x9  
  131  9:55  Baneling  
  131  9:56  Baneling x5  
  131  9:58  Zergling x12  
  131  10:05  Zergling x12  
  133  10:09  Chitinous Plating  
  133  10:19  Ultralisk  
  139  10:23  Overlord x2  
  139  10:25  Baneling x9  
  138  10:33  Baneling x3  
  138  10:34  Baneling x12  
  138  10:41  Ultralisk  
  142  10:45  Ultralisk  
  143  10:54  Ultralisk  
  143  10:55  Zergling x2  
  143  10:56  Zergling x10  
  146  11:01  Zergling x10  
  131  11:18  Ultralisk  
Show
View Real Time Build Order
Export as new Build Order

Lütters Terran 

Build Orders: Reaper Expand, Bio Tank, MMM Bio 

Get SALT Encoding   

  12  0:01  SCV  
  13  0:13  SCV  
  14  0:17  Supply Depot  
  14  0:25  SCV  
  15  0:39  SCV  
  15  0:40  Barracks  
  16  0:44  Refinery  
  16  0:51  SCV  
  17  1:03  SCV  
  18  1:15  SCV  
  19  1:27  Orbital Command  
  19  1:28  Reaper  
  20  1:41  Command Center  
  20  1:49  Supply Depot  
  20  1:53  SCV  
  21  2:00  Barracks Reactor  
  21  2:06  SCV  
  22  2:11  Barracks  
  22  2:18  Barracks  
  22  2:20  SCV  
  23  2:41  Marine x2  
  23  2:42  SCV  
  26  2:45  Supply Depot  
  26  2:46  Refinery  
  26  2:53  Orbital Command  
  26  2:54  SCV  
  27  3:01  Marine x2  
  27  3:02  Barracks Tech Lab  
  29  3:06  SCV, Barracks Tech Lab  
  30  3:18  SCV  
  31  3:22  Marine x3  
  31  3:23  SCV  
  35  3:31  SCV, Factory  
  36  3:38  SCV  
  36  3:39  Marine x2  
  38  3:43  SCV  
  38  3:44  Stimpack  
  39  3:48  Marine  
  39  3:49  Marine  
  39  3:54  SCV  
  42  3:56  Supply Depot  
  42  3:58  SCV, Marine  
  42  4:00  Marine  
  45  4:08  SCV, Marine x2  
  48  4:21  Marine x2  
  48  4:23  Factory Reactor  
  50  4:24  SCV x2, Starport  
  50  4:26  Marine  
  50  4:29  Supply Depot  
  50  4:30  Combat Shields  
  53  4:33  Marine  
  53  4:36  SCV x2  
  56  4:46  Marine x3  
  56  4:48  SCV  
  56  4:49  SCV  
  61  5:01  SCV x2, Supply Depot  
  61  5:05  Marine x3  
  61  5:06  Command Center, Marine  
  67  5:10  Supply Depot  
  67  5:13  SCV  
  68  5:14  Factory Tech Lab  
  68  5:21  Engineering Bay  
  68  5:23  Medivac, Marine x3  
  68  5:24  Medivac, Marine  
  76  5:33  Siege Tank  
  79  5:38  SCV  
  79  5:39  SCV  
  79  5:41  Marine x3  
  79  5:42  Refinery  
  84  5:43  Refinery  
  84  5:46  Supply Depot  
  84  5:50  Missile Turret  
  84  5:52  Missile Turret  
  66  6:12  Marine x4  
  66  6:13  Siege Tank, Medivac x2  
  66  6:17  SCV x2  
  71  6:25  Missile Turret  
  71  6:26  Missile Turret  
  71  6:27  Missile Turret  
  71  6:29  SCV, Marine x2  
  71  6:30  Marine x2  
  76  6:34  SCV  
  76  6:37  Orbital Command  
  76  6:47  Marine x4  
  76  6:51  Siege Tank  
  83  6:57  SCV  
  83  6:59  SCV, Missile Turret  
  85  7:01  Medivac  
  85  7:05  Marine x3  
  80  7:17  Marine  
  80  7:18  Medivac  
  80  7:20  SCV x2, Missile Turret  
  80  7:23  Siege Tank, Marine x2  
  85  7:34  Barracks  
  85  7:35  Barracks, Marine x2  
  85  7:36  Barracks  
  87  7:41  SCV x2, Marine x2  
  88  7:52  Marine  
  88  7:53  SCV x2, Marine  
  88  7:54  Terran Infantry Weapons Level 1  
  88  7:57  Engineering Bay  
  88  7:58  Armory, Marine x2  
  92  8:00  SCV  
  92  8:01  Starport  
  92  8:02  Refinery  
  95  8:05  SCV  
  95  8:06  SCV  
  95  8:10  Marine x2  
  99  8:21  Marine x2  
  99  8:24  Barracks Tech Lab  
  99  8:25  Barracks Reactor x2  
  101  8:28  Marine x2  
  101  8:29  Supply Depot  
  101  8:33  SCV x2  
  101  8:34  SCV, Supply Depot  
  106  8:36  Refinery  
  106  8:39  Command Center, Marine x2  
  106  8:41  Missile Turret x2  
  108  8:45  SCV  
  108  8:47  Liberator  
  109  8:49  Terran Infantry Armor Level 1  
  109  8:50  Medivac, Marine x3  
  109  8:51  Terran Vehicle Weapons Level 1  
  114  8:56  Marine x2  
  114  8:58  Supply Depot  
  114  9:00  Supply Depot  
  116  9:06  Starport Reactor  
  116  9:07  Siege Tank  
  116  9:08  Marine x3  
  125  9:18  SCV x2, Marine x6  
  125  9:20  SCV  
  125  9:21  Supply Depot x2  
  125  9:22  Supply Depot  
  134  9:26  Marine x2  
  136  9:38  Liberator x4  
  126  9:41  Marine x6  
  126  9:42  Siege Tank, Marine  
  126  9:44  Marine x2  
  138  9:59  Marine x4  
  144  10:09  SCV x3  
  136  10:20  Liberator  
  120  10:21  SCV  
  120  10:23  Marine  
  120  10:24  Marine x6  
  120  10:27  Marine x2  
  125  10:41  Marine x2  
  125  10:42  Marine x2  
  110  10:58  Marine  
  112  11:05  Marine x5  
Tags
 
Add a new tag
Caveats
  • Supply blocks, unpowered buildings, or Contaminate may cause inaccurate times.
  • Supply counts are checked every 10 seconds.